Philadelphia Flyers vs Minnesota Wild

Created - mardi 12 février 2019 at 19:00

Goals
1 2 3 OT1 T
Philadelphia Flyers 0 0 0 1 1
Minnesota Wild 0 0 0 0 0
Shots
1 2 3 OT1 T
Philadelphia Flyers 8 6 9 1 24
Minnesota Wild 9 4 12 0 25

1st period

No Goal

Penalties :
Brenden Dillon (PHI) for Roughing (Minor) at 19:14

2nd period

No Goal

Penalties :
Johan Larsson (MIN) for Tripping (Minor) at 2:12

3rd period

No Goal

Penalties :
Brandon Manning (PHI) for High sticking (Minor) at 6:12, Jason Zucker (MIN) for Roughing (Minor) at 17:01

Overtime #1

1. Philadelphia Flyers , Sean Couturier 22 (Claude Giroux 38) at 0:06

Penalties :
No Penalty

Goalie Stats

Henrik Lundqvist (PHI), 25 saves from 25 shots - (1.000), W, 31-12-6, 60:06 minutes
Darcy Kuemper (MIN), 23 saves from 24 shots - (0.958), OTL, 6-5-1, 60:06 minutes

Players Stats for Philadelphia Flyers

Player Name              G  A  P  +/- PIM S  H  SB GA TA FO     MP     PP MP  PK MP  
------------------------------------------------------------------------------------
Brandon Manning          0  0  0   0  2   2  1  0  0  0  0/0    19:01   0:00   0:00 
Brandon Sutter           0  0  0   0  0   0  0  0  0  0  5/9    16:10   1:50   2:01 
Brenden Dillon           0  0  0   0  2   0  1  2  0  0  0/0    19:07   0:00   0:00 
Brian Gibbons            0  0  0   0  0   2  2  0  0  1  0/0    13:08   0:00   2:01 
Brian Gionta             0  0  0   0  0   1  2  1  0  1  0/0    12:52   0:21   0:00 
Claude Giroux            0  1  1   1  0   3  1  0  0  0  9/17   18:25   2:07   0:15 
Ivan Provorov            0  0  0   0  0   2  1  0  0  1  0/0    20:38   1:49   2:03 
Jakub Voracek            0  0  0   0  0   3  1  0  1  0  1/1    17:42   1:51   0:00 
Jared Spurgeon           0  0  0   0  0   1  0  0  1  0  0/0    19:31   2:09   1:55 
Michael Raffl            0  0  0   0  0   0  3  1  0  0  0/2    13:12   0:00   1:42 
Nolan Patrick            0  0  0   0  0   3  0  0  1  0  1/4    11:05   0:00   0:00 
Pavel Buchnevich         0  0  0   0  0   2  1  0  1  1  0/0    15:04   1:45   0:00 
Ryan McDonagh            0  0  0   0  0   1  2  1  0  0  0/0    18:49   2:09   1:55 
Scott Laughton           0  0  0   0  0   1  4  0  0  0  0/1    11:22   0:01   0:00 
Sean Couturier           1  0  1   1  0   3  3  0  1  0  5/9    17:54   2:07   1:57 
Travis Konecny           0  0  0   0  0   0  3  0  0  0  0/0    15:09   1:52   0:00 
Wayne Simmonds           0  0  0   0  0   0  1  1  0  1  1/1    16:09   0:00   0:00 
Zdeno Chara              0  0  0   1  0   0  4  4  0  1  0/0    21:00   1:49   2:03 

Players Stats for Minnesota Wild

Player Name              G  A  P  +/- PIM S  H  SB GA TA FO     MP     PP MP  PK MP  
------------------------------------------------------------------------------------
Alexander Steen          0  0  0   0  0   2  1  1  0  0  1/1    21:12   2:15   1:59 
Christian Folin          0  0  0   0  0   0  1  0  0  0  0/0    19:26   1:48   1:56 
David Warsofsky          0  0  0   0  0   2  0  0  0  0  0/0    16:06   0:00   0:00 
Jason Zucker             0  0  0   0  2   3  2  0  2  2  0/0    17:46   1:24   0:41 
Joel Eriksson Ek         0  0  0   0  0   0  0  0  0  0  0/0     7:13   0:00   0:00 
Johan Larsson            0  0  0   0  2   0  2  1  0  0  3/3    13:44   0:00   0:52 
Jonas Brodin             0  0  0   0  0   2  0  1  0  0  0/0    23:50   2:10   2:02 
Luke Kunin               0  0  0   0  0   0  0  0  0  0  1/1    13:25   0:19   0:00 
Matt Cullen              0  0  0   0  0   1  2  0  0  0  2/5    14:01   0:00   0:48 
Matt Dumba               0  0  0  -1  0   1  1  0  2  0  0/0    23:50   2:10   2:02 
Mika Zibanejad           0  0  0  -1  0   2  2  0  1  0  6/9    13:42   1:37   0:00 
Mikael Granlund          0  0  0   0  0   7  0  0  0  0  0/0    19:29   2:21   1:52 
Mikko Koivu              0  0  0  -1  0   0  2  0  0  0  9/22   19:07   2:21   1:34 
Nate Prosser             0  0  0   0  0   0  0  0  0  0  0/0    16:04   0:00   0:00 
Patrick Sharp            0  0  0   0  0   1  2  0  1  0  0/0    14:59   1:30   0:10 
Robert Hagg              0  0  0   0  0   0  0  1  0  3  0/0    19:31   1:48   1:56 
Ty Rattie                0  0  0   0  0   4  0  0  0  0  0/3    19:42   0:07   0:00 
Zack Mitchell            0  0  0   0  0   0  3  0  0  0  0/0     3:11   0:00   0:00 

3 Stars

1 - Henrik Lundqvist (PHI)
2 - Sean Couturier (PHI)
3 - Darcy Kuemper (MIN)

Power Play

Philadelphia Flyers - 0 on 2 Attempt(s) - 0.00%
Minnesota Wild - 0 on 2 Attempt(s) - 0.00%

Penalty Kill

Philadelphia Flyers - 2 on 2 Attempt(s) - 100.00% - Score 0 goal in Penalty Kill
Minnesota Wild - 2 on 2 Attempt(s) - 100.00% - Score 0 goal in Penalty Kill

Team Stat

Philadelphia Flyers - Hits : 30 - Faceoff Wins : 22 - Blocked Shots : 10 - Penalty Minutes : 4
Minnesota Wild - Hits : 18 - Faceoff Wins : 22 - Blocked Shots : 4 - Penalty Minutes : 4

Official

Referees : Ian Walsh and Brian Pochmara
Linesman : Greg Devorski and Tim Nowak

Game Notes

Joel Eriksson Ek is injured at 13:00 of 2nd period (Bruised Left Arm)

Finance

Level 1 -- Attendance: 10012 (94.45%) -- Ticket Income fr. 800'960
Level 2 -- Attendance: 1886 (85.73%) -- Ticket Income fr. 122'590
Level 3 -- Attendance: 2956 (79.89%) -- Ticket Income fr. 103'460
Level 4 -- Attendance: 1450 (100.00%) -- Ticket Income fr. 29'000
Luxury Box -- Attendance: 50 (100.00%) -- Ticket Income fr. 10'000
Game was played at the Xcel Energy Center.
Total Attendance: 16354 (90.86%)
Total Ticket Income: fr. 1'066'010
Total Income: fr. 1'066'010

Philadelphia Flyers

5 vs 5 Forward 
   Center                   Left Wing                Right Wing               Time % Phy DF OF 
 1 Claude Giroux            Jakub Voracek            Wayne Simmonds           32     0   2  3  
 2 Sean Couturier           Travis Konecny           Pavel Buchnevich         27     0   2  3  
 3 Brandon Sutter           Scott Laughton           Brian Gionta             21     1   2  2  
 4 Nolan Patrick            Brian Gibbons            Michael Raffl            20     1   4  0  

5 vs 5 Defense 
   Defense                  Defense                                           Time % Phy DF OF 
 1 Zdeno Chara              Ivan Provorov                                     33     1   2  2  
 2 Ryan McDonagh            Jared Spurgeon                                    33     1   2  2  
 3 Brandon Manning          Brenden Dillon                                    33     1   4  0  
 4 Zdeno Chara              Jared Spurgeon                                    1      1   4  0  

PowerPlay Forward 
   Center                   Left Wing                Right Wing               Time % Phy DF OF 
 1 Sean Couturier           Claude Giroux            Travis Konecny           50     0   0  5  
 2 Brandon Sutter           Jakub Voracek            Pavel Buchnevich         50     0   0  5  

PowerPlay Defense
   Defense                  Defense                                           Time % Phy DF OF 
 1 Zdeno Chara              Ivan Provorov                                     50     0   0  5  
 2 Ryan McDonagh            Jared Spurgeon                                    50     0   0  5  

Penalty Kill 4 Players Forward 
   Center                   Wing                     Time % Phy DF OF 
 1 Sean Couturier           Michael Raffl            50     0   5  0  
 2 Brandon Sutter           Brian Gibbons            50     0   5  0  

Penalty Kill 4 Players Defense
   Defense                  Defense                  Time % Phy DF OF 
 1 Zdeno Chara              Ivan Provorov            50     0   5  0  
 2 Ryan McDonagh            Jared Spurgeon           50     0   5  0  

Penalty Kill - 3 Players Forward 
   Forward                                           Time % Phy DF OF 
 1 Brandon Sutter                                    50     0   5  0  
 2 Sean Couturier                                    50     0   5  0  

Penalty Kill - 3 Players Defense
   Defense                  Defense                  Time % Phy DF OF 
 1 Ivan Provorov            Zdeno Chara              50     0   5  0  
 2 Ryan McDonagh            Jared Spurgeon           50     0   5  0  

4 vs 4 Forward 
   Center                   Wing                     Time % Phy DF OF 
 1 Brandon Sutter           Jakub Voracek            50     0   2  3  
 2 Sean Couturier           Pavel Buchnevich         50     0   2  3  

4 vs 4 Defense
   Defense                  Defense                  Time % Phy DF OF 
 1 Zdeno Chara              Ivan Provorov            50     0   2  3  
 2 Ryan McDonagh            Jared Spurgeon           50     0   2  3  

Last Minutes Offensive
   Center                   Left Wing                Right Wing               Defense                  Defense                  
   Claude Giroux            Travis Konecny           Jakub Voracek            Ivan Provorov            Ryan McDonagh            

Last Minutes Defensive
   Center                   Left Wing                Right Wing               Defense                  Defense                  
   Sean Couturier           Brian Gibbons            Brandon Sutter           Jared Spurgeon           Zdeno Chara              

Goaltenders
Starting : Henrik Lundqvist         
Backup : Brian Elliott            

Extra Forwards
Normal : Claude Giroux, Sean Couturier, Brandon Sutter - PP : Claude Giroux, Jakub Voracek - PK : Brandon Sutter
Extra Defensemen
Normal : Zdeno Chara, Ivan Provorov, Ryan McDonagh - PP : Ivan Provorov - PK : Jared Spurgeon, Zdeno Chara
Penalty Shots
Claude Giroux, Jakub Voracek, Sean Couturier, Brandon Sutter, Travis Konecny
Custom OT Lines Forwards
Claude Giroux, Sean Couturier, Jakub Voracek, Nolan Patrick, Travis Konecny, Wayne Simmonds, Brandon Sutter, Brian Gionta, Michael Raffl, Brian Gibbons
Custom OT Lines Defensemen
Zdeno Chara, Ivan Provorov, Jared Spurgeon, Ryan McDonagh, Brenden Dillon

Scratches
Jordan Weal (Healthy)

Minnesota Wild

5 vs 5 Forward 
   Center                   Left Wing                Right Wing               Time % Phy DF OF 
 1 Mikko Koivu              Alexander Steen          Mikael Granlund          30     1   2  2  
 2 Mika Zibanejad           Jason Zucker             Ty Rattie                30     1   2  2  
 3 Matt Cullen              Patrick Sharp            Ty Rattie                25     1   2  2  
 4 Johan Larsson            Joel Eriksson Ek         Luke Kunin               15     1   2  2  

5 vs 5 Defense 
   Defense                  Defense                                           Time % Phy DF OF 
 1 Matt Dumba               Jonas Brodin                                      30     1   2  2  
 2 Robert Hagg              Christian Folin                                   30     1   2  2  
 3 Nate Prosser             David Warsofsky                                   25     1   2  2  
 4 Matt Dumba               Jonas Brodin                                      15     1   2  2  

PowerPlay Forward 
   Center                   Left Wing                Right Wing               Time % Phy DF OF 
 1 Mikko Koivu              Alexander Steen          Mikael Granlund          50     1   2  2  
 2 Mika Zibanejad           Jason Zucker             Patrick Sharp            50     1   2  2  

PowerPlay Defense
   Defense                  Defense                                           Time % Phy DF OF 
 1 Matt Dumba               Jonas Brodin                                      50     1   2  2  
 2 Robert Hagg              Christian Folin                                   50     1   2  2  

Penalty Kill 4 Players Forward 
   Center                   Wing                     Time % Phy DF OF 
 1 Johan Larsson            Mikael Granlund          50     1   2  2  
 2 Mikko Koivu              Alexander Steen          50     1   2  2  

Penalty Kill 4 Players Defense
   Defense                  Defense                  Time % Phy DF OF 
 1 Matt Dumba               Jonas Brodin             50     1   2  2  
 2 Robert Hagg              Christian Folin          50     1   2  2  

Penalty Kill - 3 Players Forward 
   Forward                                           Time % Phy DF OF 
 1 Johan Larsson                                     50     1   2  2  
 2 Mikko Koivu                                       50     1   2  2  

Penalty Kill - 3 Players Defense
   Defense                  Defense                  Time % Phy DF OF 
 1 Matt Dumba               Jonas Brodin             50     1   2  2  
 2 Robert Hagg              Christian Folin          50     1   2  2  

4 vs 4 Forward 
   Center                   Wing                     Time % Phy DF OF 
 1 Mikael Granlund          Mikko Koivu              50     1   2  2  
 2 Mika Zibanejad           Alexander Steen          50     1   2  2  

4 vs 4 Defense
   Defense                  Defense                  Time % Phy DF OF 
 1 Matt Dumba               Jonas Brodin             50     1   2  2  
 2 Robert Hagg              Christian Folin          50     1   2  2  

Last Minutes Offensive
   Center                   Left Wing                Right Wing               Defense                  Defense                  
   Mikko Koivu              Alexander Steen          Mikael Granlund          Mika Zibanejad           Matt Dumba               

Last Minutes Defensive
   Center                   Left Wing                Right Wing               Defense                  Defense                  
   Mikko Koivu              Alexander Steen          Mikael Granlund          Robert Hagg              Jonas Brodin             

Goaltenders
Starting : Darcy Kuemper            
Backup : James Reimer             

Extra Forwards
Normal : Luke Kunin, Ty Rattie, Johan Larsson - PP : Luke Kunin, Ty Rattie - PK : Johan Larsson
Extra Defensemen
Normal : Nate Prosser, David Warsofsky, Robert Hagg - PP : Nate Prosser - PK : David Warsofsky, Robert Hagg
Penalty Shots
Mikael Granlund, Mikko Koivu, Mika Zibanejad, Alexander Steen, Jason Zucker
Custom OT Lines Forwards
Mikael Granlund, Mikko Koivu, Mika Zibanejad, Alexander Steen, Jason Zucker, Patrick Sharp, Ty Rattie, Johan Larsson, Matt Cullen, Joel Eriksson Ek
Custom OT Lines Defensemen
Matt Dumba, Jonas Brodin, Robert Hagg, Christian Folin, Nate Prosser

Scratches
Brendan Leipsic (Torn Right ACL Injury)

% Time on Ice - Philadelphia Flyers

Lines # - Real PCT - Wanted PCT - Time Play
Normal Forward
1 - 31% - 32% - 16:19
2 - 26% - 27% - 13:21
3 - 22% - 21% - 11:19
4 - 21% - 20% - 11:05
Normal Defense
1 - 34% - 33% - 17:44
2 - 29% - 33% - 15:14
3 - 35% - 33% - 18:12
4 - 2% - 1% - 0:54
PP Forward
1 - 53% - 50% - 2:07
2 - 47% - 50% - 1:51
PP Defense
1 - 46% - 50% - 1:49
2 - 54% - 50% - 2:09
PK Forward
1 - 49% - 50% - 1:57
2 - 51% - 50% - 2:01
PK Defense
1 - 52% - 50% - 2:03
2 - 48% - 50% - 1:55
PK3 Forward
1 - 0% - 50%
2 - 0% - 50%
PK3 Defense
1 - 0% - 50%
2 - 0% - 50%
44 Forward
1 - 0% - 50%
2 - 0% - 50%
44 Defense
1 - 0% - 50%
2 - 0% - 50%
Last Minute Offensive  - 0:00
Last Minute Defensive  - 0:00
Total
Forward - 60:00
Defense - 60:00

% Time on Ice - Minnesota Wild

Lines # - Real PCT - Wanted PCT - Time Play
Normal Forward
1 - 29% - 30% - 15:01
2 - 24% - 30% - 12:34
3 - 22% - 25% - 11:33
4 - 25% - 15% - 12:56
Normal Defense
1 - 27% - 30% - 13:57
2 - 31% - 30% - 16:00
3 - 29% - 25% - 15:11
4 - 13% - 15% - 6:56
PP Forward
1 - 59% - 50% - 2:21
2 - 41% - 50% - 1:37
PP Defense
1 - 55% - 50% - 2:10
2 - 45% - 50% - 1:48
PK Forward
1 - 56% - 50% - 2:14
2 - 44% - 50% - 1:44
PK Defense
1 - 51% - 50% - 2:02
2 - 49% - 50% - 1:56
PK3 Forward
1 - 0% - 50%
2 - 0% - 50%
PK3 Defense
1 - 0% - 50%
2 - 0% - 50%
44 Forward
1 - 0% - 50%
2 - 0% - 50%
44 Defense
1 - 0% - 50%
2 - 0% - 50%
Last Minute Offensive  - 0:00
Last Minute Defensive  - 0:00
Total
Forward - 60:00
Defense - 60:00

Play-by-Play

1st period


0:01 of 1st period - Claude Giroux wins face-off versus Mikko Koivu in neutral zone.
0:08 of 1st period - Snap shot by Claude Giroux.
0:08 of 1st period - Stopped by Darcy Kuemper without a rebound.
0:09 of 1st period - Claude Giroux wins face-off versus Mikko Koivu in Minnesota Wild zone.
0:12 of 1st period - Wrist shot by Jakub Voracek.
0:12 of 1st period - Stopped by Darcy Kuemper with a rebound.
0:45 of 1st period - Wrist shot by Alexander Steen.
0:45 of 1st period - Shot Misses the Net.
0:47 of 1st period - Wrist shot by Mikael Granlund.
0:47 of 1st period - Shot Misses the Net.
0:49 of 1st period - Snap shot by Mikael Granlund.
0:49 of 1st period - Deflect By Alexander Steen.
0:49 of 1st period - Stopped by Henrik Lundqvist without a rebound.
0:50 of 1st period - Sean Couturier wins face-off versus Mika Zibanejad in Philadelphia Flyers zone.
1:15 of 1st period - Joel Eriksson Ek is hit by Scott Laughton and loses puck.
1:38 of 1st period - David Warsofsky is hit by Scott Laughton and loses puck.
2:26 of 1st period - Snap shot by Jared Spurgeon.
2:26 of 1st period - Stopped by Darcy Kuemper without a rebound.
2:27 of 1st period - Matt Cullen wins face-off versus Nolan Patrick in Minnesota Wild zone.
2:52 of 1st period - Ryan McDonagh is hit by Christian Folin and loses puck.
3:03 of 1st period - Wrist shot by Mikael Granlund.
3:03 of 1st period - Stopped by Henrik Lundqvist with a rebound.
3:57 of 1st period - Wrist shot by Nolan Patrick.
3:57 of 1st period - Stopped by Darcy Kuemper with a rebound.
3:59 of 1st period - Slapshot by Brian Gibbons.
3:59 of 1st period - Deflect By Nolan Patrick.
3:59 of 1st period - Shot Misses the Net.
3:59 of 1st period - Puck is out of play.
4:00 of 1st period - Sean Couturier wins face-off versus Matt Cullen in Minnesota Wild zone.
4:06 of 1st period - Icing by David Warsofsky.
4:07 of 1st period - Matt Cullen wins face-off versus Sean Couturier in Minnesota Wild zone.
4:12 of 1st period - Wrist shot by Patrick Sharp.
4:12 of 1st period - Stopped by Henrik Lundqvist with a rebound.
4:44 of 1st period - Snap shot by Sean Couturier.
4:44 of 1st period - Stopped by Darcy Kuemper with a rebound.
5:00 of 1st period - Wrist shot by Ty Rattie.
5:00 of 1st period - Shot Misses the Net.
5:36 of 1st period - Wrist shot by Pavel Buchnevich.
5:36 of 1st period - Stopped by Darcy Kuemper with a rebound.
6:10 of 1st period - David Warsofsky is hit by Brenden Dillon and loses puck.
6:45 of 1st period - Snap shot by Ty Rattie.
6:45 of 1st period - Stopped by Henrik Lundqvist with a rebound.
6:47 of 1st period - Snap shot by Matt Cullen.
6:47 of 1st period - Deflect By Ty Rattie.
6:47 of 1st period - Stopped by Henrik Lundqvist without a rebound.
6:48 of 1st period - Claude Giroux wins face-off versus Mikko Koivu in Philadelphia Flyers zone.
6:53 of 1st period - Slapshot by Mikael Granlund.
6:53 of 1st period - Stopped by Henrik Lundqvist without a rebound.
6:54 of 1st period - Claude Giroux wins face-off versus Mikko Koivu in Philadelphia Flyers zone.
7:06 of 1st period - Snap shot by Mikael Granlund.
7:06 of 1st period - Stopped by Henrik Lundqvist with a rebound.
7:08 of 1st period - Slapshot by Jonas Brodin.
7:08 of 1st period - Deflect By Mikael Granlund.
7:08 of 1st period - Stopped by Henrik Lundqvist without a rebound.
7:09 of 1st period - Johan Larsson wins face-off versus Nolan Patrick in Philadelphia Flyers zone.
7:22 of 1st period - Snap shot by Nolan Patrick.
7:22 of 1st period - Deflect By Brian Gibbons.
7:22 of 1st period - Shot Misses the Net.
7:22 of 1st period - Puck is out of play.
7:23 of 1st period - Mikko Koivu wins face-off versus Claude Giroux in Minnesota Wild zone.
7:56 of 1st period - Ivan Provorov is hit by Johan Larsson and loses puck.
8:09 of 1st period - Wrist shot by Nolan Patrick.
8:09 of 1st period - Shot Misses the Net.
9:08 of 1st period - Jonas Brodin is hit by Michael Raffl and loses puck.
9:57 of 1st period - Brian Gibbons is hit by Mika Zibanejad and loses puck.
10:14 of 1st period - Matt Dumba is hit by Scott Laughton and loses puck.
14:57 of 1st period - Patrick Sharp is hit by Sean Couturier and loses puck.
16:00 of 1st period - Brian Gionta is hit by Mikko Koivu.
16:16 of 1st period - Jonas Brodin is hit by Sean Couturier.
16:38 of 1st period - Brandon Manning is hit by Zack Mitchell and loses puck.
16:51 of 1st period - Alexander Steen is hit by Travis Konecny and loses puck.
18:11 of 1st period - Michael Raffl is hit by Zack Mitchell.
18:18 of 1st period - Icing by Michael Raffl.
18:19 of 1st period - Mikko Koivu wins face-off versus Claude Giroux in Philadelphia Flyers zone.
18:40 of 1st period - Snap shot by Claude Giroux.
18:40 of 1st period - Shot Misses the Net.
18:44 of 1st period - Snap shot by Claude Giroux.
18:44 of 1st period - Stopped by Darcy Kuemper without a rebound.
18:45 of 1st period - Brandon Sutter wins face-off versus Matt Cullen in Minnesota Wild zone.
18:46 of 1st period - Wrist shot by Scott Laughton.
18:46 of 1st period - Stopped by Darcy Kuemper without a rebound.
18:47 of 1st period - Brandon Sutter wins face-off versus Mika Zibanejad in Minnesota Wild zone.
19:12 of 1st period - Wrist shot by Mikko Koivu.
19:12 of 1st period - Shot Blocked by Wayne Simmonds.
19:14 of 1st period - Minor Penalty to Brenden Dillon for Roughing.
19:15 of 1st period - Mikko Koivu wins face-off versus Michael Raffl in Philadelphia Flyers zone.
19:20 of 1st period - Snap shot by Mikael Granlund.
19:20 of 1st period - Deflect By Alexander Steen.
19:20 of 1st period - Stopped by Henrik Lundqvist without a rebound.
19:21 of 1st period - Sean Couturier wins face-off versus Mikko Koivu in Philadelphia Flyers zone.
19:36 of 1st period - Slapshot by Alexander Steen.
19:36 of 1st period - Shot Misses the Net.
Goals for this period are 0 for Philadelphia Flyers vs 0 for Minnesota Wild.
Shots for this period are 8 for Philadelphia Flyers vs 9 for Minnesota Wild.

2nd period


0:01 of 2nd period - Mika Zibanejad wins face-off versus Brandon Sutter in neutral zone.
0:17 of 2nd period - Jared Spurgeon is hit by Jason Zucker and loses puck.
1:14 of 2nd period - Penalty to Brenden Dillon is over, Brenden Dillon is back on ice.
2:12 of 2nd period - Minor Penalty to Johan Larsson for Tripping.
2:13 of 2nd period - Alexander Steen wins face-off versus Sean Couturier in Minnesota Wild zone.
2:13 of 2nd period - Alexander Steen is hit by Claude Giroux.
2:23 of 2nd period - Slapshot by Claude Giroux.
2:23 of 2nd period - Shot Misses the Net.
2:39 of 2nd period - Alexander Steen is hit by Ryan McDonagh and loses puck.
4:12 of 2nd period - Penalty to Johan Larsson is over, Johan Larsson is back on ice.
5:40 of 2nd period - Scott Laughton is hit by Jason Zucker and loses puck.
6:27 of 2nd period - Jared Spurgeon is hit by Patrick Sharp and loses puck.
6:38 of 2nd period - Wrist shot by Brian Gibbons.
6:38 of 2nd period - Stopped by Darcy Kuemper without a rebound.
6:39 of 2nd period - Mika Zibanejad wins face-off versus Claude Giroux in Minnesota Wild zone.
6:44 of 2nd period - Wayne Simmonds is hit by Matt Dumba and loses puck.
7:14 of 2nd period - Mika Zibanejad is hit by Zdeno Chara and loses puck.
7:52 of 2nd period - Snap shot by Mikael Granlund.
7:52 of 2nd period - Stopped by Henrik Lundqvist with a rebound.
8:26 of 2nd period - Brenden Dillon is hit by Mikko Koivu and loses puck.
8:41 of 2nd period - Luke Kunin is hit by Travis Konecny and loses puck.
9:53 of 2nd period - Robert Hagg is hit by Brian Gionta and loses puck.
10:48 of 2nd period - Slapshot by Pavel Buchnevich.
10:48 of 2nd period - Shot Misses the Net.
10:50 of 2nd period - Slapshot by Brandon Manning.
10:50 of 2nd period - Deflect By David Warsofsky.
10:50 of 2nd period - Stopped by Darcy Kuemper with a rebound.
12:17 of 2nd period - Christian Folin is hit by Michael Raffl and loses puck.
12:36 of 2nd period - Johan Larsson is hit by Scott Laughton and loses puck.
12:45 of 2nd period - Slapshot by Brian Gionta.
12:45 of 2nd period - Shot Misses the Net.
12:59 of 2nd period - Joel Eriksson Ek is hit by Ivan Provorov and loses puck.
13:00 of 2nd period - Joel Eriksson Ek from Minnesota Wild is injured at 13:00 of 2nd period (Bruised Left Arm).
13:01 of 2nd period - Wayne Simmonds wins face-off versus Ty Rattie in Minnesota Wild zone.
13:45 of 2nd period - Slapshot by Jason Zucker.
13:45 of 2nd period - Stopped by Henrik Lundqvist without a rebound.
13:46 of 2nd period - Mikko Koivu wins face-off versus Sean Couturier in Philadelphia Flyers zone.
13:49 of 2nd period - Snap shot by Mikael Granlund.
13:49 of 2nd period - Shot Blocked by Zdeno Chara.
13:55 of 2nd period - Snap shot by Sean Couturier.
13:55 of 2nd period - Shot Misses the Net.
13:57 of 2nd period - Wrist shot by Sean Couturier.
13:57 of 2nd period - Stopped by Darcy Kuemper without a rebound.
13:58 of 2nd period - Mikko Koivu wins face-off versus Claude Giroux in Minnesota Wild zone.
13:58 of 2nd period - Mikko Koivu is hit by Zdeno Chara.
14:04 of 2nd period - Zdeno Chara is hit by Alexander Steen and loses puck.
14:11 of 2nd period - Snap shot by Wayne Simmonds.
14:11 of 2nd period - Shot Blocked by Alexander Steen.
14:31 of 2nd period - Snap shot by Ty Rattie.
14:31 of 2nd period - Shot Misses the Net.
14:33 of 2nd period - Slapshot by Matt Dumba.
14:33 of 2nd period - Deflect By Ty Rattie.
14:33 of 2nd period - Stopped by Henrik Lundqvist with a rebound.
14:35 of 2nd period - Snap shot by Luke Kunin.
14:35 of 2nd period - Shot Hit the Post.
14:58 of 2nd period - Robert Hagg is hit by Zdeno Chara and loses puck.
15:43 of 2nd period - Wrist shot by Nolan Patrick.
15:43 of 2nd period - Stopped by Darcy Kuemper without a rebound.
15:44 of 2nd period - Johan Larsson wins face-off versus Claude Giroux in Minnesota Wild zone.
16:07 of 2nd period - Jonas Brodin is hit by Brian Gionta and loses puck.
16:34 of 2nd period - Patrick Sharp is hit by Ryan McDonagh and loses puck.
17:19 of 2nd period - Snap shot by Brandon Sutter.
17:19 of 2nd period - Shot Misses the Net.
17:56 of 2nd period - Snap shot by Jonas Brodin.
17:56 of 2nd period - Stopped by Henrik Lundqvist with a rebound.
17:58 of 2nd period - Slapshot by Matt Dumba.
17:58 of 2nd period - Shot Misses the Net.
18:32 of 2nd period - Wrist shot by Jakub Voracek.
18:32 of 2nd period - Stopped by Darcy Kuemper with a rebound.
18:34 of 2nd period - Snap shot by Ivan Provorov.
18:34 of 2nd period - Stopped by Darcy Kuemper without a rebound.
18:35 of 2nd period - Claude Giroux wins face-off versus Mikko Koivu in Minnesota Wild zone.
19:05 of 2nd period - Off-side.
19:06 of 2nd period - Mika Zibanejad wins face-off versus Brandon Sutter in neutral zone.
Goals for this period are 0 for Philadelphia Flyers vs 0 for Minnesota Wild.
Shots for this period are 6 for Philadelphia Flyers vs 4 for Minnesota Wild.

3rd period


0:01 of 3rd period - Mika Zibanejad wins face-off versus Claude Giroux in neutral zone.
0:09 of 3rd period - Wrist shot by Mika Zibanejad.
0:09 of 3rd period - Shot Misses the Net.
0:11 of 3rd period - Backhand shot by Ty Rattie.
0:11 of 3rd period - Shot Blocked by Ryan McDonagh.
0:41 of 3rd period - Wayne Simmonds is hit by Johan Larsson and loses puck.
0:58 of 3rd period - Wrist shot by Ty Rattie.
0:58 of 3rd period - Shot Misses the Net.
1:10 of 3rd period - Slapshot by Mika Zibanejad.
1:10 of 3rd period - Shot Blocked by Michael Raffl.
1:18 of 3rd period - Wrist shot by Nolan Patrick.
1:18 of 3rd period - Stopped by Darcy Kuemper without a rebound.
1:19 of 3rd period - Brandon Sutter wins face-off versus Mikko Koivu in Minnesota Wild zone.
1:33 of 3rd period - Icing by Matt Dumba.
1:34 of 3rd period - Sean Couturier wins face-off versus Mikko Koivu in Minnesota Wild zone.
1:56 of 3rd period - Icing by Alexander Steen.
1:57 of 3rd period - Mikko Koivu wins face-off versus Claude Giroux in Minnesota Wild zone.
1:57 of 3rd period - Mikko Koivu is hit by Wayne Simmonds.
2:39 of 3rd period - Slapshot by Ty Rattie.
2:39 of 3rd period - Shot Blocked by Zdeno Chara.
2:41 of 3rd period - Snap shot by Matt Cullen.
2:41 of 3rd period - Stopped by Henrik Lundqvist with a rebound.
2:51 of 3rd period - Christian Folin is hit by Zdeno Chara and loses puck.
3:04 of 3rd period - Wrist shot by Claude Giroux.
3:04 of 3rd period - Shot Misses the Net.
3:06 of 3rd period - Wrist shot by Brandon Manning.
3:06 of 3rd period - Shot Blocked by Johan Larsson.
3:08 of 3rd period - Slapshot by Brandon Manning.
3:08 of 3rd period - Stopped by Darcy Kuemper with a rebound.
3:22 of 3rd period - David Warsofsky is hit by Travis Konecny and loses puck.
4:00 of 3rd period - Snap shot by Brian Gionta.
4:00 of 3rd period - Stopped by Darcy Kuemper without a rebound.
4:01 of 3rd period - Brandon Sutter wins face-off versus Mikko Koivu in Minnesota Wild zone.
4:08 of 3rd period - Wrist shot by Alexander Steen.
4:08 of 3rd period - Shot Blocked by Brenden Dillon.
4:26 of 3rd period - Brandon Sutter is hit by Matt Cullen and loses puck.
4:57 of 3rd period - Travis Konecny is hit by Mika Zibanejad and loses puck.
5:16 of 3rd period - Snap shot by Mikko Koivu.
5:16 of 3rd period - Shot Misses the Net.
5:18 of 3rd period - Snap shot by David Warsofsky.
5:18 of 3rd period - Shot Misses the Net.
5:48 of 3rd period - Wayne Simmonds is hit by Matt Cullen and loses puck.
6:03 of 3rd period - Johan Larsson is hit by Michael Raffl and loses puck.
6:12 of 3rd period - Minor Penalty to Brandon Manning for High sticking.
6:13 of 3rd period - Sean Couturier wins face-off versus Mikko Koivu in Philadelphia Flyers zone.
8:12 of 3rd period - Penalty to Brandon Manning is over, Brandon Manning is back on ice.
8:19 of 3rd period - Johan Larsson is hit by Jakub Voracek and loses puck.
8:36 of 3rd period - Jonas Brodin is hit by Pavel Buchnevich and loses puck.
8:43 of 3rd period - Ivan Provorov is hit by Patrick Sharp and loses puck.
10:49 of 3rd period - Robert Hagg is hit by Brian Gibbons and loses puck.
11:33 of 3rd period - Brian Gionta is hit by Zack Mitchell and loses puck.
11:50 of 3rd period - Johan Larsson is hit by Sean Couturier and loses puck.
12:03 of 3rd period - Jason Zucker is hit by Brandon Manning and loses puck.
12:10 of 3rd period - Slapshot by Brian Gibbons.
12:10 of 3rd period - Stopped by Darcy Kuemper without a rebound.
12:11 of 3rd period - Claude Giroux wins face-off versus Mikko Koivu in Minnesota Wild zone.
12:18 of 3rd period - Snap shot by Claude Giroux.
12:18 of 3rd period - Shot Blocked by Robert Hagg.
12:20 of 3rd period - Slapshot by Ivan Provorov.
12:20 of 3rd period - Stopped by Darcy Kuemper with a rebound.
12:26 of 3rd period - Snap shot by Claude Giroux.
12:26 of 3rd period - Shot Misses the Net.
12:52 of 3rd period - Icing by Brenden Dillon.
12:53 of 3rd period - Johan Larsson wins face-off versus Brandon Sutter in Philadelphia Flyers zone.
12:54 of 3rd period - Wrist shot by Jason Zucker.
12:54 of 3rd period - Shot Blocked by Brian Gionta.
13:24 of 3rd period - Wrist shot by Scott Laughton.
13:24 of 3rd period - Shot Misses the Net.
13:40 of 3rd period - Wrist shot by Sean Couturier.
13:40 of 3rd period - Shot Misses the Net.
13:42 of 3rd period - Snap shot by Pavel Buchnevich.
13:42 of 3rd period - Deflect By Nate Prosser.
13:42 of 3rd period - Stopped by Darcy Kuemper without a rebound.
13:43 of 3rd period - Claude Giroux wins face-off versus Ty Rattie in Minnesota Wild zone.
13:44 of 3rd period - Snap shot by Jakub Voracek.
13:44 of 3rd period - Shot Misses the Net.
13:46 of 3rd period - Snap shot by Ryan McDonagh.
13:46 of 3rd period - Shot Misses the Net.
13:48 of 3rd period - Backhand shot by Jakub Voracek.
13:48 of 3rd period - Stopped by Darcy Kuemper without a rebound.
13:49 of 3rd period - Claude Giroux wins face-off versus Mikko Koivu in Minnesota Wild zone.
14:23 of 3rd period - Snap shot by Mika Zibanejad.
14:23 of 3rd period - Deflect By Ty Rattie.
14:23 of 3rd period - Shot Misses the Net.
14:23 of 3rd period - Puck is out of play.
14:24 of 3rd period - Mika Zibanejad wins face-off versus Sean Couturier in Philadelphia Flyers zone.
14:30 of 3rd period - Off-side.
14:31 of 3rd period - Jakub Voracek wins face-off versus Ty Rattie in neutral zone.
14:58 of 3rd period - Wrist shot by Mika Zibanejad.
14:58 of 3rd period - Shot Blocked by Zdeno Chara.
15:00 of 3rd period - Snap shot by Ty Rattie.
15:00 of 3rd period - Shot Misses the Net.
15:02 of 3rd period - Wrist shot by Ty Rattie.
15:02 of 3rd period - Deflect By Claude Giroux.
15:02 of 3rd period - Stopped by Henrik Lundqvist with a rebound.
15:04 of 3rd period - Snap shot by Jason Zucker.
15:04 of 3rd period - Stopped by Henrik Lundqvist with a rebound.
15:06 of 3rd period - Snap shot by Jason Zucker.
15:06 of 3rd period - Stopped by Henrik Lundqvist with a rebound.
15:16 of 3rd period - Wrist shot by Mika Zibanejad.
15:16 of 3rd period - Shot Misses the Net.
15:18 of 3rd period - Wrist shot by Mika Zibanejad.
15:18 of 3rd period - Stopped by Henrik Lundqvist with a rebound.
15:20 of 3rd period - Slapshot by Matt Dumba.
15:20 of 3rd period - Deflect By Jakub Voracek.
15:20 of 3rd period - Stopped by Henrik Lundqvist with a rebound.
15:22 of 3rd period - Slapshot by Jason Zucker.
15:22 of 3rd period - Shot Misses the Net.
15:24 of 3rd period - Wrist shot by Ty Rattie.
15:24 of 3rd period - Shot Misses the Net.
15:26 of 3rd period - Slapshot by Jonas Brodin.
15:26 of 3rd period - Shot Blocked by Zdeno Chara.
15:28 of 3rd period - Snap shot by Mika Zibanejad.
15:28 of 3rd period - Deflect By Jakub Voracek.
15:28 of 3rd period - Stopped by Henrik Lundqvist with a rebound.
15:30 of 3rd period - Slapshot by Jonas Brodin.
15:30 of 3rd period - Stopped by Henrik Lundqvist without a rebound.
15:31 of 3rd period - Mikko Koivu wins face-off versus Michael Raffl in Philadelphia Flyers zone.
15:32 of 3rd period - Wrist shot by Mikael Granlund.
15:32 of 3rd period - Shot Misses the Net.
15:34 of 3rd period - Snap shot by David Warsofsky.
15:34 of 3rd period - Deflect By Brandon Manning.
15:34 of 3rd period - Stopped by Henrik Lundqvist with a rebound.
15:36 of 3rd period - Backhand shot by David Warsofsky.
15:36 of 3rd period - Stopped by Henrik Lundqvist without a rebound.
15:37 of 3rd period - Mikko Koivu wins face-off versus Nolan Patrick in Philadelphia Flyers zone.
15:46 of 3rd period - Snap shot by Alexander Steen.
15:46 of 3rd period - Shot Blocked by Brenden Dillon.
15:48 of 3rd period - Slapshot by Nate Prosser.
15:48 of 3rd period - Deflect By Mikael Granlund.
15:48 of 3rd period - Stopped by Henrik Lundqvist without a rebound.
15:49 of 3rd period - Mikko Koivu wins face-off versus Scott Laughton in Philadelphia Flyers zone.
15:50 of 3rd period - Wrist shot by Alexander Steen.
15:50 of 3rd period - Shot Misses the Net.
16:04 of 3rd period - Backhand shot by Mikael Granlund.
16:04 of 3rd period - Stopped by Henrik Lundqvist without a rebound.
16:05 of 3rd period - Nolan Patrick wins face-off versus Matt Cullen in Philadelphia Flyers zone.
16:38 of 3rd period - Off-side.
16:39 of 3rd period - Mika Zibanejad wins face-off versus Claude Giroux in neutral zone.
17:01 of 3rd period - Minor Penalty to Jason Zucker for Roughing.
17:02 of 3rd period - Brandon Sutter wins face-off versus Mikko Koivu in Minnesota Wild zone.
17:29 of 3rd period - Backhand shot by Claude Giroux.
17:29 of 3rd period - Stopped by Darcy Kuemper with a rebound.
17:31 of 3rd period - Slapshot by Claude Giroux.
17:31 of 3rd period - Shot Blocked by Jonas Brodin.
17:33 of 3rd period - Wrist shot by Sean Couturier.
17:33 of 3rd period - Shot Misses the Net.
17:35 of 3rd period - Snap shot by Sean Couturier.
17:35 of 3rd period - Shot Misses the Net.
17:37 of 3rd period - Slapshot by Ryan McDonagh.
17:37 of 3rd period - Stopped by Darcy Kuemper with a rebound.
19:01 of 3rd period - Penalty to Jason Zucker is over, Jason Zucker is back on ice.
19:09 of 3rd period - Mikael Granlund is hit by Brian Gibbons and loses puck.
19:16 of 3rd period - Snap shot by Michael Raffl.
19:16 of 3rd period - Shot Misses the Net.
19:41 of 3rd period - Off-side.
19:42 of 3rd period - Luke Kunin wins face-off versus Brandon Sutter in neutral zone.
Goals for this period are 0 for Philadelphia Flyers vs 0 for Minnesota Wild.
Shots for this period are 9 for Philadelphia Flyers vs 12 for Minnesota Wild.

Overtime #1


0:01 of 1st overtime period - Claude Giroux wins face-off versus Mika Zibanejad in neutral zone.
0:06 of 1st overtime period - Snap shot by Sean Couturier.
0:06 of 1st overtime period - Goal by Sean Couturier - Philadelphia Flyers : 1 - Minnesota Wild : 0.
Goals for this period are 1 for Philadelphia Flyers vs 0 for Minnesota Wild.
Shots for this period are 1 for Philadelphia Flyers vs 0 for Minnesota Wild.